 Dungeon Crawl Stone Soup version 0.29.0-4-gdea44cf6ec (webtiles) character file.

Game seed: 7299221020540863858

53 qw the Ruffian (level 3, -5/28 HPs)
             Began as a Ghoul Fire Elementalist on Aug 29, 2022.
             Slain by an iguana (10 damage)
             ... on level 2 of the Dungeon.
             The game lasted 00:01:57 (2121 turns).

qw the Ruffian (Ghoul Fire Elementalist)            Turns: 2121, Time: 00:01:57

Health: -5/28      AC:  3    Str: 13    XL:     3   Next: 87%
Magic:  4/4        EV: 11    Int: 10    God:
Gold:   71         SH:  0    Dex:  9    Spells: 4/5 levels left

rFire   . . .      SeeInvis .     - Unarmed
rCold   + . .      Faith    .   (no shield)
rNeg    + + +      Spirit   .   e - +0 leather armour
rPois   inf        Reflect  .   (no helmet)
rElec   .          Harm     .   (no cloak)
rCorr   .          Rampage  .   (no gloves)
Will    .....                   (no boots)
Stlth   +.........              (no amulet)
HPRegen 0.00/turn               (no ring)
MPRegen 0.09/turn               (no ring)

@: inhibited regen
A: claws 1, cold resistance 1, negative energy resistance 3, inhibited
regeneration, torment resistance 2, devour on kill
a: no special abilities


You were on level 2 of the Dungeon.
You visited 1 branch of the dungeon, and saw 2 of its levels.

You collected 71 gold pieces.


Innate Abilities, Weirdness & Mutations

You are immune to poison.
You have sharp fingernails.
Your flesh is cold resistant. (rC+)
You are immune to negative energy. (rN+++)
You do not regenerate when monsters are visible.
You are immune to unholy pain and torment.
You thrive by killing the living.


   Skills:
 - Level 1.2 Fighting
 - Level 1.7 Dodging
 - Level 2.1 Stealth
 + Level 3.3 Unarmed Combat
 - Level 1.7 Spellcasting
 - Level 0.7 Conjurations
 - Level 2.4 Fire Magic


You had 4 spell levels left.
You knew the following spells:

 Your Spells              Type           Power      Damage    Failure   Level
a - Foxfire               Conj/Fire      16%        2x1d4     22%         1

Your spell library contained the following spells:

 Spells                   Type           Power      Damage    Failure   Level
 Scorch                   Fire           10%        2d5       22%         2
 Conjure Flame            Conj/Fire      4%         6-21      54%         3
 Inner Flame              Hex/Fire       3%         N/A       58%         3
 Flame Wave               Conj/Fire      4%         2d5       91%         4

Inventory:

Armour
 b - a +0 chain mail
 e - a +0 leather armour (worn)
Scrolls
 c - a scroll of poison {unknown}
 d - 2 scrolls of identify
Potions
 a - a potion of degeneration {unknown}
 j - 2 potions of haste

Dungeon Overview and Level Annotations

Branches:
Dungeon (2/15)

Altars:


Message History

The bat hits you but does no damage.
You scratch the bat but do no damage. The bat closely misses you.
The bat hits you but does no damage.
You scratch the bat but do no damage. The bat hits you but does no damage. x2
You scratch the bat.
You kill the bat!
You see here a bat corpse.
Found a long sword.
Enter note: An iguana comes into view.
The iguana hisses angrily.
You scratch the iguana.
The iguana is moderately wounded.
The iguana bites you.
You scratch the iguana.
The iguana is heavily wounded.
The iguana closely misses you.
You scratch the iguana.
The iguana is severely wounded.
The iguana bites you!
You closely miss the iguana.
The iguana is severely wounded.
The iguana bites you!
You scratch the iguana but do no damage.
The iguana is severely wounded.
The iguana misses you.
You scratch the iguana but do no damage.
The iguana is severely wounded.
The iguana misses you.
You closely miss the iguana.
The iguana is severely wounded.
The iguana barely misses you.
You barely miss the iguana.
The iguana is severely wounded.
The iguana closely misses you.
You barely miss the iguana.
The iguana is severely wounded.
The iguana bites you!
You die...

..................#
#..................#
#..........).......#
#..................#
#...........####...#
#...........%......#
#..........###.....#
#..........# #.....#
#..$@......###.....#
......l.......#.......#
...)..#########.......#
...... #.......## .....
#......... .....
#.......## ....
#.......## ....
#.......# #...#####


You could see an iguana.

Vanquished Creatures
  An adder (D:2)
  4 dart slugs
  3 ball pythons
  3 bats
  An endoplasm (D:1)
  4 giant cockroaches
  2 hobgoblins
  2 kobolds (D:1)
  2 quokkas
  5 goblins
  8 rats
35 creatures vanquished.

Notes
Turn   | Place    | Note
-------+----------+-------------------------------------------
     0 | D:1      | qw the Ghoul Fire Elementalist began the quest for the Orb.
     0 | D:1      | Reached XP level 1. HP: 14/14 MP: 2/2
     0 | D:1      | 0 ||| qw: Version: 0.1-a-90-g952f4b7
     0 | D:1      | 0 ||| qw: Game counter: 3953
     0 | D:1      | 0 ||| qw: Always use a shield: true
     0 | D:1      | 0 ||| qw: God list: Okawaru
     0 | D:1      | 0 ||| qw: Allow faded altars: false
     0 | D:1      | 0 ||| qw: Do Orc after D:15 true
     0 | D:1      | 0 ||| qw: Do second Lair branch before Depths: true
     0 | D:1      | 0 ||| qw: Lair rune preference: random
     0 | D:1      | 0 ||| qw: Plans: Normal
     0 | D:1      | 0 ||| PLANNING D:1-11
   265 | D:1      | Reached skill level 1 in Unarmed Combat
   402 | D:1      | 402 ||| Stepping ~*~*~tactically~*~*~ (hiding).
   504 | D:1      | 504 ||| Stepping ~*~*~tactically~*~*~ (hiding).
   606 | D:1      | 606 ||| Stepping ~*~*~tactically~*~*~ (hiding).
   609 | D:1      | 609 ||| Stepping ~*~*~tactically~*~*~ (hiding).
   619 | D:1      | Reached skill level 1 in Fighting
   619 | D:1      | Reached XP level 2. HP: 16/23 MP: 3/3
   724 | D:1      | 724 ||| Stepping ~*~*~tactically~*~*~ (stealth).
   735 | D:1      | 735 ||| Stepping ~*~*~tactically~*~*~ (stealth).
   744 | D:1      | 744 ||| Stepping ~*~*~tactically~*~*~ (stealth).
   879 | D:1      | 879 ||| Stepping ~*~*~tactically~*~*~ (stealth).
   882 | D:1      | 882 ||| Stepping ~*~*~tactically~*~*~ (stealth).
   883 | D:1      | 883 ||| Stepping ~*~*~tactically~*~*~ (stealth).
   886 | D:1      | 886 ||| Stepping ~*~*~tactically~*~*~ (stealth).
   888 | D:1      | 888 ||| Stepping ~*~*~tactically~*~*~ (stealth).
   889 | D:1      | 889 ||| Stepping ~*~*~tactically~*~*~ (stealth).
  1005 | D:1      | Reached skill level 2 in Unarmed Combat
  1365 | D:1      | 1365 ||| Stepping ~*~*~tactically~*~*~ (stealth).
  1377 | D:1      | 1377 ||| Stepping ~*~*~tactically~*~*~ (stealth).
  1392 | D:1      | 1392 ||| Stepping ~*~*~tactically~*~*~ (stealth).
  1394 | D:1      | 1394 ||| Stepping ~*~*~tactically~*~*~ (stealth).
  1396 | D:1      | 1396 ||| Stepping ~*~*~tactically~*~*~ (stealth).
  1460 | D:1      | Reached XP level 3. HP: 28/28 MP: 4/4
  1764 | D:1      | 1764 ||| UPGRADING to +0 leather armour.
  1774 | D:1      | 1774 ||| DROPPING +0 robe.
  1775 | D:1      | 1775 ||| READING 3 scrolls labelled SUGUAR REPEIR.
  1776 | D:1      | 1776 ||| READING 3 scrolls labelled FOMOGU WULLA.
  1777 | D:1      | 1777 ||| READING scroll labelled URO RINIYCUVOZ.
  1778 | D:1      | 1778 ||| READING scroll labelled ZUCEJU VOMA.
  1779 | D:1      | 1779 ||| DRINKING 2 brown potions.
  1780 | D:1      | 1780 ||| DRINKING 2 green potions.
  1781 | D:1      | 1781 ||| DRINKING 3 fuming emerald potions.
  1782 | D:1      | 1782 ||| DROPPING potion of magic.
  1783 | D:1      | 1783 ||| DROPPING potion of brilliance.
  1784 | D:1      | 1784 ||| DROPPING potion of flight.
  1785 | D:1      | 1785 ||| DROPPING 2 scrolls of blinking.
  1837 | D:2      | 1837 ||| Stepping ~*~*~tactically~*~*~ (stealth).
  1839 | D:2      | 1839 ||| Stepping ~*~*~tactically~*~*~ (stealth).
  1841 | D:2      | 1841 ||| Stepping ~*~*~tactically~*~*~ (stealth).
  1843 | D:2      | 1843 ||| Stepping ~*~*~tactically~*~*~ (hiding).
  1845 | D:2      | 1845 ||| Stepping ~*~*~tactically~*~*~ (stealth).
  1933 | D:2      | Reached skill level 3 in Unarmed Combat
  1967 | D:2      | 1967 ||| Stepping ~*~*~tactically~*~*~ (stealth).
  1972 | D:2      | 1972 ||| Stepping ~*~*~tactically~*~*~ (stealth).
  1976 | D:2      | 1976 ||| Stepping ~*~*~tactically~*~*~ (stealth).
  2116 | D:2      | HP: 5/28 [iguana (9)]
  2121 | D:2      | Slain by an iguana

Levels and vault maps discovered:
D:1:      dpeg_chamrin_arrival_tetris, layout_basic, minmay_tetromino_s4
D:2:      layout_basic, minmay_misc_feat_tiny

Skill      XL: |  1  2  3 |
---------------+----------+-----
Unarmed Combat | 1 2 3 |  3.3
Fighting       | 1 |  1.2
Dodging        | |  1.7
Stealth        | |  2.1
Spellcasting   | |  1.7
Conjurations   | |  0.7
Fire Magic     | |  2.4

Action                   || total
-------------------------++-------
Melee: Unarmed           ||   152
  Use: Scroll            ||     4
       Potion            ||     3
 Stab: Sleeping          ||     1
Armor: Robe              ||    13
       Leather armour    ||    27
Dodge: Dodged            ||    77

Table legend:
 A = Non-vault XP
 B = Vault XP
 C = Vault XP percentage of total XP
 D = Non-vault monster count
 E = Vault monster count
 F = Vault count percentage of total count
                 A         B        C        D         E       F
            +---------+---------+-------+---------+---------+-------
      Total |      72 |       4 |   5.3 |      33 |       2 |   5.7
            +---------+---------+-------+---------+---------+-------
        D:1 |      38 |       4 |   9.5 |      20 |       2 |   9.1
        D:2 |      34 |       0 |   0.0 |      13 |       0 |   0.0
            +---------+---------+-------+---------+---------+-------
